 Seeded DCSS version 0.28-a0-1182-g381e24db82 (webtiles) character file.

Game seed: 20211216 (custom seed)

42 flotson the Ducker (level 3, -1/28 HPs)
             Began as a Demonspawn Gladiator on Dec 16, 2021.
             Succumbed to an adder's poison
             ... on level 2 of the Dungeon.
             The game lasted 00:01:07 (1033 turns).

flotson the Ducker (Demonspawn Gladiator)           Turns: 1033, Time: 00:01:08

Health: -1/28      AC:  6    Str: 15 (16) XL:     3   Next: 35%
Magic:  3/3        EV: 11    Int:  6 (9)  God:
Gold:   11         SH:  0    Dex: 13 (14) Spells: 2/2 levels left

rFire   . . .      SeeInvis .   a - +0 flail
rCold   . . .      Faith    .   (no shield)
rNeg    . . .      Spirit   .   f - +0 ring mail
rPois   .          Reflect  .   c - +0 helmet
rElec   .          Harm     .   (no cloak)
rCorr   .          Rampage  .   (no gloves)
Will    .....                   (no boots)
Stlth   +.........              (no amulet)
HPRegen 0.09/turn               (no ring)
MPRegen 0.08/turn               (no ring)

@: lethally poisoned (-1 -> -14)
A: powered by death 1, demonic magic 1
a: no special abilities


You were on level 2 of the Dungeon.
You visited 1 branch of the dungeon, and saw 2 of its levels.

You collected 11 gold pieces.

Inventory:

Hand Weapons
 a - a +0 flail (weapon)
Missiles
 d - 3 throwing nets (quivered)
 g - 16 poisoned darts
Armour
 c - a +0 helmet (worn)
 f - a +0 ring mail (worn)
Scrolls
 b - 4 scrolls of blinking {unknown}
 e - 2 scrolls of identify {unknown}
 h - a scroll of vulnerability {unknown}
 j - 2 scrolls of enchant armour {unknown}
 k - a scroll of fear {unknown}
 l - a scroll of immolation {unknown}


   Skills:
 + Level 2.4 Fighting
 + Level 3.0 Maces & Flails
 + Level 2.2 Throwing
 + Level 1.0 Armour
 + Level 3.0 Dodging


You had 2 spell levels left.
You didn't know any spells.
Your spell library was empty.

Dungeon Overview and Level Annotations

Branches:
Dungeon (2/15)

Altars:
Hepliaklqana


Innate Abilities, Weirdness & Mutations

You regenerate a little health from kills.
Spells you cast may paralyse adjacent enemies.


Message History

You barely miss the adder.
You feel sick. The adder bites you but does no damage. The adder misses you.
You miss the adder.
You feel sick. The adder barely misses you. The adder misses you.
You sock the adder!
The adder is severely wounded.
You feel sick. The adder bites you.
You are more poisoned.
The adder poisons you!
You completely miss the adder.
The adder is severely wounded.
You feel very sick. The adder bites you but does no damage.
The adder bites you.
You are lethally poisoned!
The adder poisons you!
You are too injured to fight recklessly!
You are too injured to fight recklessly!
You are too injured to fight recklessly!
You are too injured to fight recklessly!
You are too injured to fight recklessly!
You are too injured to fight recklessly!
You miss the adder.
The adder is heavily wounded.
* * * LOW HITPOINT WARNING * * *
You feel very sick. The adder barely misses you. The adder bites you.
* * * LOW HITPOINT WARNING * * *
You are more poisoned.
The adder poisons you!
You thump the adder!
You kill the adder!
* * * LOW HITPOINT WARNING * * *
You feel very sick.
Your Armour skill increases to level 1!
Unknown command.
There is a lethal amount of poison in your body!
It was a potion of degeneration.
There was something very wrong with that liquid.
You feel weakened.
You feel dopey.
You feel clumsy.
You die...

...............<...#...###
####.....##>.......#......
#.......###.########......
..###...# #.# #...... #
#...# #.# #...... #...#
#.# #...... #...###.#
##......
###...##..##............
#......@.....#####......
#.#.........## #.......
#...#####.# #.##.... #..?
.# #. ##### #.. .. . ###
##


There were no monsters in sight!

Vanquished Creatures
  2 adders (D:2)
  A dart slug (D:1)
  4 endoplasms
  A giant cockroach (D:1)
  A goblin (D:1)
  2 hobgoblins (D:1)
  2 jackals (D:1)
  2 quokkas
  2 ball pythons (D:1)
  A bat (D:1)
  A frilled lizard (D:1)
  A kobold (D:1)
  A rat (D:1)
21 creatures vanquished.

Vanquished Creatures (others)
  21 plants (D:2)
21 creatures vanquished.

Grand Total: 42 creatures vanquished

Notes
Turn   | Place    | Note
-------+----------+-------------------------------------------
     0 | D:1      | flotson the Demonspawn Gladiator began the quest for the
                  | Orb.
     0 | D:1      | Reached XP level 1. HP: 16/16 MP: 1/1
   233 | D:1      | Gained mutation: You regenerate a little health from kills.
                  | [demonic ancestry]
   233 | D:1      | Reached XP level 2. HP: 21/22 MP: 2/2
   751 | D:2      | Found a hazy altar of Hepliaklqana.
   764 | D:2      | Gained mutation: Spells you cast may paralyse adjacent
                  | enemies. [demonic ancestry]
   764 | D:2      | Reached XP level 3. HP: 10/28 MP: 3/3
  1032 | D:2      | HP: 1/28 [poisoned by an adder]
  1033 | D:2      | Reached skill level 1 in Armour
  1033 | D:2      | Succumbed to an adder's poison

Illustrated notes

Levels and vault maps discovered:
D:1:      minmay_arrival_arboretum_small, layout_basic
D:2:      layout_rooms, basic_altar, minmay_misc_feat_four_crosses,
          chequers_serial_rivers_room_b, kennysheep_boxes

Skill      XL: |  1  2  3 |
---------------+----------+-----
Throwing       | 2 |  2.2
Maces & Flails | 3 |  3.0
Dodging        | 3 |  3.0
Armour         | 1 |  1.0
Fighting       | |  2.4

Action                   || total
-------------------------++-------
Melee: Flail             ||    60
  Use: Potion            ||     1
Armor: Leather armour    ||    11
       Ring mail         ||     8
Dodge: Dodged            ||    48

Table legend: (Time is in decaauts)
 A = Elapsed time spent in this place.
 B = Non-inter-level travel time spent in this place.
 C = Inter-level travel time spent in this place.
 D = Time resting spent in this place.
 E = Time spent auto-exploring this place.
 F = Levels seen in this place.
 G = Mean time per level.
                   A        B        C        D        E       F      G
               +--------+--------+--------+--------+--------+-----+--------+
         Total |   1048 |   1029 |     19 |      0 |    862 |   2 |  524.0 |
       Dungeon |   1048 |   1029 |     19 |      0 |    862 |   2 |  524.0 |
               +--------+--------+--------+--------+--------+-----+--------+

Top non-repeatable levels by time:
     D:1: 644 daAuts
     D:2: 403 daAuts
